 Dungeon Crawl Stone Soup version bcrawl-1.13 (webtiles) character file.

Game seed: 3695956593780455239

65 Camlann the Sneak (level 3, 0/29 HPs)
             Began as a Demonspawn Archaeologist on July 27, 2019.
             Slain by a worm (11 damage)
             ... on level 2 of the Dungeon.
             The game lasted 00:01:40 (1260 turns).

Camlann the Sneak (Demonspawn Archaeologist)        Turns: 1260, Time: 00:01:41

Health: 0/29       AC:  7    Str: 12    XL:     3   Next: 94%
Magic:  3/3        EV: 13    Int: 15    God:
Gold:   120        SH:  0    Dex: 15    Spells: 2/2 levels left

rFire    . . .     SeeInvis .   a - +0 whip
rCold    . . .     Gourm    .   (no shield)
rNeg     . . .     Faith    .   b - +1 robe
rPois    .         Spirit   .   c - +1 hat
rElec    .         Reflect  .   h - +0 cloak
rCorr    .         Harm     .   (no gloves)
MR       .....                  d - +1 pair of boots
Stlth    +++.......             (no amulet)
HPRegen  0.09/turn              o - ring of flight
MPRegen  0.08/turn              (no ring)

@: studying Armour
A: thin skeletal structure 2
a: Evoke Flight


You were on level 2 of the Dungeon.
You were hungry.

You visited 1 branch of the dungeon, and saw 2 of its levels.

You collected 120 gold pieces.

Inventory:

Hand Weapons
 a - a +0 whip (weapon)
Armour
 b - a +1 robe (worn)
 c - a +1 hat (worn)
 d - a +1 pair of boots (worn)
 h - a +0 cloak (worn)
Jewellery
 o - a ring of flight (left hand)
Scrolls
 j - 3 scrolls of fog {unknown}
 l - a scroll of amnesia
 m - 3 scrolls of identify {unknown}
 q - a scroll of fear {unknown}
 r - 2 scrolls of teleportation {unknown}
Potions
 i - a potion of mutation {unknown}
 k - a potion of lignification {unknown}
 n - a potion of magic {unknown}
 p - a potion of brilliance {unknown}
Books
 e - a manual of Armour
Miscellaneous
 f - an ancient crate
Comestibles
 g - 6 rations {!d}


   Skills:
 - Level 3.0 Fighting
 - Level 0.8 Maces & Flails
 + Level 2.9 Armour
 - Level 2.6 Dodging
 - Level 3.0 Stealth


You had 2 spell levels left.
You didn't know any spells.
Your spell library was empty.

Dungeon Overview and Level Annotations

Branches:
Dungeon (2/12)

Altars:


Innate Abilities, Weirdness & Mutations

You have a moderately thin skeletal structure. (Dex +4, Stealth+)


Message History

You hit the leopard gecko.
You are feeling hungry.
The leopard gecko closely misses you.
You miss the leopard gecko. The leopard gecko closely misses you.
The worm bites you but does no damage.
The leopard gecko bites you but does no damage.
You miss the leopard gecko.
The leopard gecko bites you but does no damage.
The worm completely misses you.
You hit the leopard gecko.
You kill the leopard gecko!
The worm barely misses you.
You see here a leopard gecko corpse.
The worm bites you!
Things that are here:
a cursed -3 club; 22 gold pieces; a hobgoblin corpse You hit the worm.
You hit the worm but do no damage. The worm barely misses you.
You hit the worm. The worm bites you!
You die...

#. #... #...
#.# ###... #.#
...... #.#
#...## #.#
#..##### #.#
#..†...# #.#
##@###.# #.#
#w##
#.###.########
#..)##
#.............
##.#
#####.######..
... #.# #.#
... #.# #.#
#... ###.###
#.# #..
#.....# ##.#
#..
#.#.#.###...


You could see a worm.

Vanquished Creatures
  An adder (D:2)
  2 dart slugs (D:1)
  3 leopard geckos
  3 orcs (D:2)
  A giant cockroach (D:1)
  4 goblins
  7 hobgoblins (D:2)
  8 jackals
  5 bats
  2 kobolds (D:1)
  4 rats
40 creatures vanquished.

Notes
Turn   | Place    | Note
-------+----------+-------------------------------------------
     0 | D:1      | Camlann the Demonspawn Archaeologist began the quest for
                  | the Orb.
     0 | D:1      | Reached XP level 1. HP: 15/15 MP: 1/1
    92 | D:1      | Gained mutation: You have a somewhat thin skeletal
                  | structure. (Dex +2, Stealth) [demonic ancestry]
    92 | D:1      | Reached XP level 2. HP: 15/22 MP: 2/2
   654 | D:2      | Gained mutation: You have a moderately thin skeletal
                  | structure. (Dex +4, Stealth+) [demonic ancestry]
   654 | D:2      | Reached XP level 3. HP: 15/29 MP: 3/3
   925 | D:2      | Reached skill level 1 in Armour
  1260 | D:2      | Slain by a worm

Skill      XL: |  1  2  3 |
---------------+----------+-----
Fighting       | 2 3 |  3.0
Armour         | 2 |  2.9
Maces & Flails | |  0.8
Dodging        | |  2.6
Stealth        | |  3.0

Action                   || total
-------------------------++-------
Melee: Whip              ||   210
  Use: Scroll            ||     1
 Stab: Sleeping          ||     9
  Eat: Chunk             ||     1
Armor: Robe              ||    83
Dodge: Dodged            ||   161
